 Dungeon Crawl Stone Soup version 0.21.1-1-g345015f (webtiles) character file.

38133 raistware the Eclecticist (level 13, -7/79 HPs)
             Began as a Mummy Wizard on Apr 4, 2018.
             Was a High Priest of Sif Muna.
             Mangled by a redback (12 damage)
             ... on level 1 of the Spider Nest on Apr 5, 2018.
             The game lasted 02:51:35 (21843 turns).

raistware the Eclecticist (Mummy Wizard)           Turns: 21843, Time: 02:51:43

Health: -7/79      AC:  8    Str: 11    XL:     13   Next: 62%
Magic:  32/34      EV:  6    Int: 27    God:    Sif Muna [*****.]
Gold:   716        SH:  0    Dex: 13    Spells: 8/46 levels left

rFire    . . .     SeeInvis .   C - +2 mace (protect)
rCold    + . .     Gourm    .   (no shield)
rNeg     + + +     Faith    .   M - +3 leather armour {rF+}
rPois    ∞         Spirit   .   b - +0 hat
rElec    .         Reflect  .   q - +0 cloak
rCorr    .         Harm     .   a - +0 pair of gloves {Dex+3}
MR       +....                  (no boots)
Stlth    +.........             j - amulet of magic regeneration
HPRegen  0.23/turn              r - ring of wizardry
MPRegen  0.49/turn              n - +5 ring of intelligence

@: confused, held
A: no food or potions, fire vulnerability, cold resistance 1, negative energy
resistance 3, torment resistance, unbreathing, in touch with death 1
a: Divine Energy, Channel Magic, Forget Spell, Renounce Religion


You were on level 1 of the Spider Nest.
You worshipped Sif Muna.
Sif Muna was extremely pleased with you.
You were not hungry.

You visited 4 branches of the dungeon, and saw 17 of its levels.
You also visited: Sewer and Volcano.

You collected 984 gold pieces.
You spent 268 gold pieces at shops.

Inventory:

Hand Weapons
 A - a +1 vampiric hand axe
 C - a +2 mace of protection (weapon)
 D - a +3 flail
 F - a +0 blowgun
 G - a +1 dagger of venom
 L - a +2 battleaxe of flaming
Missiles
 E - 7 curare-tipped needles
Armour
 a - a +0 pair of gloves of dexterity (worn)
 b - a +0 hat (worn)
 q - a +0 cloak (worn)
 w - a cursed +0 scale mail
 z - a +0 troll leather armour
 M - a +3 leather armour of fire resistance (worn)
 P - a +0 buckler
Magical Staves
 K - an uncursed staff of air
Jewellery
 i - an uncursed ring of protection from cold
 j - an amulet of magic regeneration (around neck)
 n - a +5 ring of intelligence (right hand)
 r - a ring of wizardry (left hand)
Wands
 m - a wand of iceblast (14)
 u - a wand of scattershot (3)
 x - a wand of flame (15)
 y - a wand of polymorph (40)
 Q - a wand of paralysis (9)
Scrolls
 d - 2 scrolls of magic mapping
 e - 5 scrolls of remove curse
 g - 7 scrolls of teleportation
 h - 2 scrolls of blinking {unknown}
 k - 2 scrolls of identify
 l - a scroll of silence {unknown}
 o - 3 scrolls of enchant armour
 p - 4 scrolls of fog
 s - 4 scrolls of enchant weapon
 t - a scroll of fear
 H - a scroll of immolation {unknown}
 O - 2 scrolls of amnesia {unknown}
Books
 c - a book of Minor Magic

   Spells                             Type                      Level
   a - Magic Dart                     Conjuration                  1
   b - Blink                          Translocation                2
   c - Call Imp                       Summoning                    2
   d - Slow                           Hexes                        2
   e - Conjure Flame                  Conjuration/Fire             3
   f - Mephitic Cloud                 Conjuration/Poison/Air       3
 f - Sif Muna's Incunabulum of Destructive Enchantment
   (Sif Muna gifted it to you on level 3 of the Lair of Beasts)

   Spells                             Type                      Level
   a - Summon Guardian Golem          Hexes/Summoning              3
   b - Irradiate                      Conjuration/Transmutation    5
   c - Fireball                       Conjuration/Fire             5
 v - a book of Power

   Spells                             Type                      Level
   a - Iskenderun's Battlesphere      Conjuration/Charms           5
   b - Venom Bolt                     Conjuration/Poison           5
   c - Bolt of Magma                  Conjuration/Fire/Earth       5
   d - Iron Shot                      Conjuration/Earth            6
   e - Orb of Destruction             Conjuration                  7
   f - Spellforged Servitor           Conjuration/Summoning        7
 B - Sif Muna's Incunabulum of Conjuration
   (Sif Muna gifted it to you on level 10 of the Dungeon)

   Spells                             Type                      Level
   a - Sting                          Conjuration/Poison           1
   b - Flame Tongue                   Conjuration/Fire             1
   c - Fulminant Prism                Conjuration/Hexes            4
   d - Iskenderun's Battlesphere      Conjuration/Charms           5
   e - Bolt of Draining               Conjuration/Necromancy       5
 I - Sif Muna's Disquisition on the Rocks and Air
   (Sif Muna gifted it to you on level 2 of the Lair of Beasts)

   Spells                             Type                      Level
   a - Stone Arrow                    Conjuration/Earth            3
   b - Lee's Rapid Deconstruction     Earth                        5
   c - Deflect Missiles               Charms/Air                   6
   d - Freezing Cloud                 Conjuration/Ice/Air          6
   e - Conjure Ball Lightning         Conjuration/Air              6
 N - a book of Power

   Spells                             Type                      Level
   a - Iskenderun's Battlesphere      Conjuration/Charms           5
   b - Venom Bolt                     Conjuration/Poison           5
   c - Bolt of Magma                  Conjuration/Fire/Earth       5
   d - Iron Shot                      Conjuration/Earth            6
   e - Orb of Destruction             Conjuration                  7
   f - Spellforged Servitor           Conjuration/Summoning        7
Miscellaneous
 J - a sack of spiders


   Skills:
 - Level 0.2 Fighting
 + Level 0.8 Maces & Flails
 + Level 2.3 Armour
 + Level 2.0 Dodging
 - Level 1.5 Stealth
 + Level 17.1 Spellcasting
 + Level 14.0 Conjurations
 - Level 1.0 Summonings
 - Level 1.1 Translocations
 + Level 3.4 Fire Magic
 + Level 1.3 Ice Magic
 + Level 1.6 Air Magic


You had 8 spell levels left.
You knew the following spells:

 Your Spells              Type           Power        Failure   Level  Hunger
a - Magic Dart            Conj           ####         0%          1    N/A
b - Blink                 Tloc           N/A          1%          2    N/A
c - Call Imp              Summ           ####....     1%          2    N/A
d - Conjure Flame         Conj/Fire      ######..     1%          3    N/A
e - Mephitic Cloud        Conj/Pois/Air  ######..     1%          3    N/A
f - Iskenderun's Battles  Conj/Chrm      ######..     1%          5    N/A
g - Bolt of Magma         Conj/Fire/Erth ######....   2%          5    N/A
h - Orb of Destruction    Conj           #######...   2%          7    N/A
i - Fulminant Prism       Conj/Hex       ######....   1%          4    N/A
j - Freezing Cloud        Conj/Ice/Air   ######....   16%         6    N/A

Dungeon Overview and Level Annotations

Branches:
Dungeon (10/15)            Temple (1/1) D:6            Lair (5/6) D:10
  Swamp (0/4) Lair:3       Spider (1/4) Lair:4
  Slime: Lair:5-6       Orc: D:9-12

Altars:
Ashenzari
Cheibriados
Dithmenos
Elyvilon
Fedhas
Gozag
Hepliaklqana
Kikubaaqudgha
Makhleb
Nemelex Xobeh
Okawaru
Qazlal
Ru
Sif Muna
Trog
Uskayaw
Vehumet
Wu Jian
Xom
Yredelemnul
Zin
The Shining One

Shops:
D:6 ?}

Portals:
Trove: D:10 (give 21 scrolls of identify)

Annotations:
D:5 exclusion: statue


Innate Abilities, Weirdness & Mutations

You do not eat or drink.
Your flesh is vulnerable to fire.
You are immune to poison.
Your flesh is cold resistant. (rC+)
You are immune to negative energy. (rN+++)
You are immune to unholy pain and torment.
You can survive without breathing.
You are in touch with the powers of death.


Message History

The redback bites you but does no damage.
The tarantella bites you but does no damage.
The jumping spider pounces on you.
* * * LOW HITPOINT WARNING * * *
You are even more entangled.
The jumping spider bites you but does no damage.
The redback bites you but does no damage.
You're too confused!
Unknown command.
You're too confused to cast spells.
Unknown command.
Evoke which item? (* to show all) (? for menu, Esc to quit)
You reach into the bag... ...and things crawl out!
The tarantella bites you.
* * * LOW HITPOINT WARNING * * *
You are more confused.
The jumping spider pounces on you.
* * * LOW HITPOINT WARNING * * *
The jumping spider bites you but does no damage.
The redback bites you!
You die...

#..#.. ..##...
.....#. .(...
............
........#..
...#.... ##
..a..
.###..#ss#
.......@.#
../...s.a..#
..$....#.......
...#..# #......
.....# #...##
..... ..## #...
.. .... ..#


You could see a jumping spider, a tarantella, a redback and 2 friendly soldier
ants.

Vanquished Creatures
  A fire dragon (Volcano)
  The ghost of Curus the Severer, a journeyman MiBe of Trog (Lair:2)
  A vault guard (D:10)
  2 hydras
  9 two-headed ogres
  A death yak (D:10)
  Sonja (Lair:1)
  2 wizards (D:7)
  An oklob plant (Lair:2)
  3 salamanders (Volcano)
  4 elephants (Lair:5)
  3 black mambas
  12 spiny frogs
  2 komodo dragons
  A rime drake (Lair:1)
  A troll (D:9)
  2 polar bears (D:10)
  2 jumping spiders
  A hornet (D:10)
  2 tyrant leeches (Lair:3)
  5 blink frogs (Lair:4)
  6 hippogriffs
  A wraith (D:10)
  3 redbacks (Lair:4)
  8 wyverns (Volcano)
  4 fire bats (Volcano)
  2 basilisks
  20 yaks
  Grum (D:8)
  A steam dragon (Volcano)
  3 hungry ghosts
  3 swamp worms (Lair:2)
  12 water moccasins
  6 porcupines
  5 orc warriors
  5 ice beasts
  5 sky beasts
  5 ogres
  4 black bears
  2 necrophages
  A phantom (D:5)
  2 wolves (D:8)
  3 centaurs
  13 crocodiles
  3 big kobolds
  12 bullfrogs
  3 scorpions
  5 killer bees (D:9)
  A howler monkey (D:5)
  2 electric eels (D:10)
  A crimson imp (D:6)
  2 bullfrog zombies
  Crazy Yiuf (D:3)
  2 jellies
  2 bullfrog skeletons (D:9)
  3 orc priests
  3 hounds
  8 orc wizards
  8 worker ants
  Natasha (thrice) (D:3)
  A hound zombie (D:5)
  3 hound skeletons
  9 gnolls
  2 worker ant zombies
  13 adders
  A hound simulacrum (D:10)
  A river rat (Sewer)
  4 shadow imps
  2 white imps (D:10)
  An ufetubus (D:10)
  3 adder zombies
  An ooze (D:1)
  3 adder skeletons
  18 worms
  2 dart slugs
  4 leopard geckos
  17 orcs
  A giant cockroach (D:4)
  8 goblins
  11 hobgoblins
  14 jackals
  9 kobolds
  3 quokkas
  4 ball pythons
  A bat (D:1)
  8 frilled lizards
  A jackal zombie (D:6)
  9 rats
  6 plants (Volcano)
391 creatures vanquished.

Vanquished Creatures (collateral kills)
  A wizard (D:7)
  An orc sorcerer (D:7)
  An orc priest (D:8)
  A worker ant (D:7)
  An orc (D:8)
5 creatures vanquished.

Vanquished Creatures (others)
  A wyvern (Volcano)
  A steam dragon (Volcano)
  7 fulminant prisms
  8 fungi
  30 plants
47 creatures vanquished.

Grand Total: 443 creatures vanquished

Notes
Turn   | Place    | Note
-------+----------+-------------------------------------------
     0 | D:1      | raistware the Mummy Wizard began the quest for the Orb.
     0 | D:1      | Reached XP level 1. HP: 13/13 MP: 5/5
    13 | D:1      | Reached skill level 1 in Conjurations
   265 | D:1      | Reached XP level 2. HP: 19/19 MP: 2/7
   310 | D:1      | Learned a level 2 spell: Blink
   313 | D:1      | Learned a level 2 spell: Call Imp
   918 | D:1      | Reached XP level 3. HP: 24/24 MP: 2/8
  1617 | D:2      | Learned a level 3 spell: Conjure Flame
  1667 | D:2      | Reached XP level 4. HP: 17/30 MP: 5/10
  2021 | D:3      | Learned a level 3 spell: Mephitic Cloud
  2282 | D:3      | Noticed Natasha
  2309 | D:3      | Killed Natasha
  2392 | D:3      | Reached XP level 5. HP: 29/35 MP: 5/11
  2804 | D:3      | Noticed Natasha
  2835 | D:3      | Killed Natasha
  2939 | D:3      | Found a basalt altar of Yredelemnul.
  3036 | D:3      | Found a runed door.
  3040 | D:3      | Noticed Crazy Yiuf
  3056 | D:3      | Killed Crazy Yiuf
  3175 | D:3      | Noticed Natasha
  3183 | D:3      | Killed Natasha
  3183 | D:3      | Reached skill level 5 in Conjurations
  3183 | D:3      | Reached XP level 6. HP: 41/41 MP: 3/12
  3303 | D:4      | Found a glowing drain.
  3312 | Sewer    | Entered a sewer
  3438 | Sewer    | Found a white marble altar of Elyvilon.
  3780 | D:4      | Found a burning altar of Makhleb.
  3781 | D:4      | Noticed a sky beast
  3800 | D:4      | Noticed a green death
  3804 | D:4      | Noticed a hellwing
  3804 | D:4      | Noticed an orange demon
  3892 | D:4      | Killed a sky beast
  3892 | D:4      | Reached XP level 7. HP: 30/46 MP: 3/13
  4112 | D:5      | Entered Level 5 of the Dungeon
  4164 | D:5      | Found an iron altar of Okawaru.
  4367 | D:5      | Found a burning altar of Makhleb.
  5004 | D:5      | Found a radiant altar of Vehumet.
  5045 | D:5      | Reached XP level 8. HP: 52/52 MP: 8/14
  5623 | D:6      | Reached skill level 5 in Spellcasting
  5623 | D:6      | Reached skill level 1 in Summonings
  5623 | D:6      | Reached skill level 1 in Translocations
  5688 | D:6      | Found Fofira's Magic Scroll Emporium.
  5712 | D:6      | Bought a scroll of identify for 22 gold pieces
  5712 | D:6      | Bought a scroll of identify for 22 gold pieces
  5712 | D:6      | Bought a scroll of enchant armour for 82 gold pieces
  5712 | D:6      | Bought a scroll of enchant weapon for 82 gold pieces
  5712 | D:6      | Bought a scroll of fear for 38 gold pieces
  5712 | D:6      | Bought a scroll of identify for 22 gold pieces
  5717 | D:6      | Reached skill level 6 in Spellcasting
  5795 | D:6      | Reached skill level 1 in Fire Magic
  5810 | D:6      | Found a blossoming altar of Fedhas.
  6043 | D:6      | Reached skill level 7 in Spellcasting
  6084 | D:6      | Found Coveir's Gadget Emporium.
  6085 | D:6      | Found a staircase to the Ecumenical Temple.
  6093 | Temple   | Entered the Ecumenical Temple
  6132 | Temple   | Became a worshipper of Sif Muna the Loreminder
  6208 | D:6      | Found a snail-covered altar of Cheibriados.
  6531 | D:7      | Found a glowing golden altar of the Shining One.
  6698 | D:7      | Noticed a wizard
  7261 | D:7      | Killed a wizard
  7261 | D:7      | Reached skill level 9 in Spellcasting
  7261 | D:7      | Reached XP level 9. HP: 5/57 MP: 16/22
  7574 | D:7      | Reached * piety under Sif Muna
  7734 | D:7      | Noticed an orc sorcerer
  7779 | D:7      | Learned a level 5 spell: Iskenderun's Battlesphere
  7859 | D:7      | Killed an orc sorcerer
  7859 | D:7      | Reached skill level 10 in Spellcasting
  8154 | D:7      | Found a white marble altar of Elyvilon.
  8315 | D:7      | Noticed a wizard
  8419 | D:7      | Reached skill level 11 in Spellcasting
  8429 | D:7      | Found a glowing silver altar of Zin.
  8469 | D:7      | Noticed a wizard
  8490 | D:7      | Killed a wizard
  8490 | D:7      | Reached ** piety under Sif Muna
  8603 | D:7      | Killed a wizard
  8603 | D:7      | Reached XP level 10. HP: 56/63 MP: 12/25
  8682 | D:7      | Found a shattered altar of Ashenzari.
  9153 | D:8      | Reached skill level 12 in Spellcasting
  9468 | D:8      | Noticed Grum
  9480 | D:8      | Killed Grum
  9855 | D:8      | Found an iron altar of Okawaru.
  9861 | D:8      | Found a sparkling altar of Nemelex Xobeh.
 10322 | D:8      | Noticed a two-headed ogre
 10329 | D:8      | Killed a two-headed ogre
 10329 | D:8      | Reached *** piety under Sif Muna
 10329 | D:8      | Reached skill level 10 in Conjurations
 10376 | D:8      | Found a shimmering altar of Xom.
 11168 | D:9      | Noticed a four-headed hydra
 11181 | D:9      | Learned a level 5 spell: Bolt of Magma
 11487 | D:9      | Killed a four-headed hydra
 11727 | D:9      | Reached **** piety under Sif Muna
 11980 | D:10     | Entered Level 10 of the Dungeon
 12005 | D:10     | Reached XP level 11. HP: 68/68 MP: 15/27
 12012 | D:10     | Noticed a two-headed ogre
 12040 | D:10     | Killed a two-headed ogre
 12424 | D:10     | Learned a level 7 spell: Orb of Destruction
 12439 | D:10     | Noticed a death yak
 12661 | D:10     | Found a hazy altar of Hepliaklqana.
 12913 | D:10     | Noticed a two-headed ogre
 12927 | D:10     | Killed a two-headed ogre
 12927 | D:10     | Reached ***** piety under Sif Muna
 13113 | D:10     | Identified Sif Muna's Incunabulum of Conjuration (Sif Muna gifted it to you on level 10 of the Dungeon)
 13113 | D:10     | Received a gift from Sif Muna
 13120 | D:10     | Learned a level 4 spell: Fulminant Prism
 13246 | D:10     | Killed a death yak
 13246 | D:10     | Reached skill level 13 in Spellcasting
 13393 | D:10     | Found a staircase to the Lair.
 13431 | D:10     | Noticed a vault guard
 13440 | D:10     | Killed a vault guard
 13574 | D:10     | Found a portal to a secret trove of treasure.
 14267 | Lair:1   | Entered Level 1 of the Lair of Beasts
 14890 | Lair:1   | Reached skill level 1 in Armour
 15154 | Lair:1   | Noticed Sonja
 15158 | Lair:1   | Killed Sonja
 15158 | Lair:1   | Reached XP level 12. HP: 74/74 MP: 23/29
 15318 | Lair:1   | Reached skill level 14 in Spellcasting
 16035 | Lair:2   | Noticed Curus's ghost (journeyman MiBe)
 16722 | Lair:2   | Identified Sif Muna's Disquisition on the Rocks and Air (Sif Muna gifted it to you on level 2 of the Lair of Beasts)
 16722 | Lair:2   | Received a gift from Sif Muna
 17680 | Lair:2   | Killed Curus's ghost
 17757 | Lair:3   | Found a deep blue altar of Sif Muna.
 17810 | Lair:3   | Found a dark tunnel.
 17825 | Lair:3   | Learned a level 6 spell: Freezing Cloud
 17837 | Volcano  | Entered a volcano
 17903 | Volcano  | Noticed a two-headed ogre
 17914 | Volcano  | Killed a two-headed ogre
 17965 | Volcano  | Noticed a two-headed ogre
 18041 | Volcano  | Killed a two-headed ogre
 18148 | Volcano  | Reached skill level 15 in Spellcasting
 18290 | Volcano  | Noticed a two-headed ogre
 18309 | Volcano  | Killed a two-headed ogre
 18370 | Volcano  | Noticed a two-headed ogre
 18382 | Volcano  | Killed a two-headed ogre
 18467 | Volcano  | Reached skill level 1 in Air Magic
 18598 | Volcano  | Noticed a two-headed ogre
 18606 | Volcano  | Killed a two-headed ogre
 18606 | Volcano  | Gained mutation: You are in touch with the powers of death. [Mummy growth]
 18606 | Volcano  | Reached XP level 13. HP: 78/79 MP: 29/32
 18621 | Volcano  | Noticed a fire dragon
 18626 | Volcano  | Killed a fire dragon
 18878 | Lair:3   | Received a gift from Sif Muna
 18879 | Lair:3   | Identified Sif Muna's Incunabulum of Destructive Enchantment (Sif Muna gifted it to you on level 3 of the Lair of Beasts)
 19065 | Lair:3   | Found a staircase to the Swamp.
 19290 | Lair:3   | Reached skill level 1 in Ice Magic
 20171 | Lair:4   | Reached skill level 16 in Spellcasting
 20437 | Lair:4   | Found a hole to the Spider Nest.
 20556 | Lair:4   | Found a hazy altar of Hepliaklqana.
 21287 | Lair:5   | Reached skill level 17 in Spellcasting
 21593 | Spider:1 | Entered Level 1 of the Spider Nest
 21843 | Spider:1 | Mangled by a redback

Skill      XL: |  1  2  3  4  5  6  7  8  9 10 11 12 13 |
---------------+----------------------------------------+-----
Conjurations   | 1 2 3 4 5 6 7 8 11 12 13 14 | 14.0
Spellcasting   | 9 11 12 13 15 17 | 17.1
Summonings     | 1 |  1.0
Translocations | 1 |  1.1
Fire Magic     | 1 2 3 |  3.4
Dodging        | 2 |  2.0
Armour         | 1 2 |  2.3
Air Magic      | 1 |  1.6
Ice Magic      | 1 |  1.3
Fighting       | |  0.2
Maces & Flails | |  0.8
Stealth        | |  1.5

Action                   |  1- 3 |  4- 6 |  7- 9 | 10-12 | 13-15 || total
-------------------------+-------+-------+-------+-------+-------++-------
Melee: Short sword       |    17 |    32 |    40 |    43 |       ||   132
       Mace              |       |       |       |    17 |     1 ||    18
 Cast: Magic Dart        |    82 |   137 |   219 |   296 |   107 ||   841
       Conjure Flame     |       |    15 |    33 |    75 |       ||   123
       Call Imp          |       |     2 |    14 |    12 |       ||    28
       Mephitic Cloud    |       |    15 |    28 |    25 |       ||    68
       Bolt of Magma     |       |       |       |    98 |    22 ||   120
       Iskenderun's Batt |       |       |       |   113 |    71 ||   184
       Orb of Destructio |       |       |       |    18 |    11 ||    29
       Freezing Cloud    |       |       |       |     6 |     8 ||    14
       Fulminant Prism   |       |       |       |     3 |     4 ||     7
       Blink             |       |       |       |     3 |     3 ||     6
Evoke: Wand              |       |       |     4 |       |       ||     4
       Sack of spiders   |       |       |       |       |     1 ||     1
  Use: Scroll            |       |     4 |     2 |     9 |     1 ||    16
 Stab: Confused          |       |     3 |     1 |     5 |       ||     9
       Sleeping          |       |     1 |     1 |       |       ||     2
Armor: Robe              |     9 |     3 |     9 |    24 |       ||    45
       Troll leather arm |       |       |       |     3 |       ||     3
       Leather armour    |       |       |       |       |    11 ||    11
Dodge: Dodged            |    22 |    20 |    25 |    64 |    14 ||   145
